 Dungeon Crawl Stone Soup version 0.30.1-6-gbe392663c4 (webtiles) character file.

Game seed: 2511673880472771391

5775 Dolphin721k the Cleaver (level 10, -5/90 HPs)
             Began as a Minotaur Fighter on Sept 20, 2023.
             Was an Elder of Qazlal.
             Slain by a nine-headed hydra (12 damage)
             ... on level 1 of the Lair of Beasts on Sept 21, 2023.
             The game lasted 00:39:25 (5897 turns).

Dolphin721k the Cleaver (Minotaur Fighter)          Turns: 5897, Time: 00:39:27

Health: -5/90      AC: 15    Str: 25    XL:     10   Next: 50%
Magic:  9/9        EV:  7    Int:  5    God:    Qazlal [****..]
Gold:   372        SH: 11    Dex: 10    Spells: 9/9 levels left

rFire   . . .        a - +0 war axe
rCold   + . .        c - +0 buckler
rNeg    + . .        v - +0 plate armour
rPois   .            (helmet restricted)
rElec   .            (no cloak)
rCorr   .            (no gloves)
SInv    .            o - +0 pair of boots
Will    .....        r - amulet of regeneration Stlth
                     B - ring of positive energy
HPRegen 1.15/turn    H - ring of protection from cold
MPRegen 0.11/turn

%: repel missiles
@: no status effects
A: horns 2, retaliatory headbutt
a: Renounce Religion, Upheaval, Elemental Force


You were on level 1 of the Lair of Beasts.
You worshipped Qazlal.
Qazlal was greatly pleased with you.
You visited 2 branches of the dungeon, and saw 9 of its levels.

You collected 461 gold pieces.
You spent 89 gold pieces at shops.

Inventory:

Hand Weapons
 a - a +0 war axe (weapon)
 f - a +0 battleaxe
Armour
 c - a +0 buckler (worn)
 o - a +0 pair of boots (worn)
 v - a +0 plate armour (worn)
Jewellery
 n - a ring of poison resistance
 r - an amulet of regeneration (around neck)
 B - a ring of positive energy (left hand)
 H - a ring of protection from cold (right hand)
Wands
 l - a wand of digging (1)
 z - a wand of charming (14)
 G - a wand of roots (12)
Scrolls
 b - a scroll of vulnerability {unknown}
 d - a scroll of silence
 i - a scroll of fear
 k - 3 scrolls of teleportation
 m - 3 scrolls of identify
 t - a scroll of amnesia
 w - 2 scrolls of fog
 x - a scroll of brand weapon
 y - 2 scrolls of magic mapping
 C - 2 scrolls of immolation
 D - a scroll of acquirement {unknown}
 E - a scroll of enchant weapon
Potions
 e - 2 potions of ambrosia {unknown}
 g - 3 potions of curing
 h - 3 potions of cancellation {unknown}
 j - a potion of haste
 p - a potion of degeneration {unknown}
 q - 2 potions of flight {unknown}
 s - 3 potions of magic {unknown}
 u - 2 potions of berserk rage {unknown}
 A - a potion of attraction {unknown}
 F - a potion of invisibility
 J - 2 potions of heal wounds {unknown}
 K - 2 potions of lignification {unknown}
 L - a potion of brilliance {unknown}


   Skills:
 + Level 8.4 Fighting
 + Level 13.3 Axes
 + Level 8.9 Armour
 + Level 2.0 Dodging
 + Level 0.6 Stealth
 + Level 8.1 Shields


You had 9 spell levels left.
You didn't know any spells.
Your spell library contained the following spells:

 Spells                   Type           Power      Damage    Failure   Level
 Summon Small Mammal      Summ           0%         N/A       100%        1
 Blink                    Tloc           0%         N/A       100%        2
 Lesser Beckoning         Tloc           0%         N/A       100%        2
 Momentum Strike          Conj/Tloc      0%         3d8       100%        2
 Call Canine Familiar     Summ           0%         N/A       100%        3
 Summon Guardian Golem    Hex/Summ       0%         N/A       100%        3
 Vhi's Electric Charge    Tloc/Air       0%         N/A       100%        3
 Arcjolt                  Conj/Air       0%         1d10      100%        5
 Maxwell's Capacitive Co  Air            0%         ∞         100%        8
 Chain Lightning          Conj/Air       0%         N/A       100%        9
 Fire Storm               Conj/Fire      0%         5d1       100%        9
 Shatter                  Erth           0%         3d5*      100%        9


Dungeon Overview and Level Annotations

Branches:
Dungeon (8/15)             Temple (0/1) D:6            Lair (1/5) D:8

Altars:
Ashenzari
Gozag
Hepliaklqana
Kikubaaqudgha
Nemelex Xobeh
Okawaru
Qazlal
Zin

Shops:
D:5 *


Innate Abilities, Weirdness & Mutations

You have a pair of horns on your head.
You reflexively headbutt those who attack you in melee.


Message History

You block the nine-headed hydra's attack. x2
The nine-headed hydra attacks as you move away!
You block the nine-headed hydra's attack.
The nine-headed hydra bites you!
The nine-headed hydra closely misses you.
The nine-headed hydra bites you but does no damage.
You block the nine-headed hydra's attack. x2
The nine-headed hydra bites you but does no damage. x2
The nine-headed hydra bites you!
You hear a howl!
A basilisk comes into view.
A wolf comes into view.
You hear an angry hiss.
You hear a howl!
Found a scroll of identify.
The nine-headed hydra attacks as you move away!
The nine-headed hydra bites you but does no damage. x2
You block the nine-headed hydra's attack. x2
The nine-headed hydra bites you but does no damage.
The nine-headed hydra bites you!
* * * LOW HITPOINT WARNING * * *
The nine-headed hydra bites you.
* * * LOW HITPOINT WARNING * * *
The nine-headed hydra bites you!
* * * LOW HITPOINT WARNING * * *
The nine-headed hydra bites you.
* * * LOW HITPOINT WARNING * * *
The nine-headed hydra is engulfed in blazing flames.
Activating: Elemental Force (61% risk of failure)
Press: ? - help, Dir - look around, f - activate Look: a nine-headed hydra (moderately wounded)
You fail to use your ability.
A wolf comes into view.
You block the nine-headed hydra's attack.
The nine-headed hydra bites you but does no damage. x2
You block the nine-headed hydra's attack.
The nine-headed hydra closely misses you.
The nine-headed hydra bites you.
* * * LOW HITPOINT WARNING * * *
The nine-headed hydra bites you!
You die...

......#.# ...... ...>...#
....?. ##......# ......
##..#....######......
#.$...l.................
#.........○§.§.........
♣....h....h.°.☼.........
♣♣........°D@...........
♣..........○.............
♣.♣..♣........○...........
♣.♣.♣♣....................
♣♣ ♣....................
♣♣.##.######......##
♣..#### #P.....## ♣..#
######......#P.P ♣..#
.................


You could see a nine-headed hydra, a basilisk and 2 wolves.

Vanquished Creatures
  Amaemon (Lair:1)
  A komodo dragon (D:8)
  Grinder (D:4)
  8 yaks
  Eustachio (D:5)
  A steam dragon (D:7)
  Duvessa (D:6)
  A water moccasin (D:5)
  A black bear (D:7)
  4 ice beasts
  A sky beast (D:7)
  3 orc warriors (D:8)
  An ogre (D:5)
  8 wolves (Lair:1)
  A phantom (D:5)
  2 kobold brigands
  A bullfrog (Lair:1)
  8 scorpions
  Dowan (D:6)
  3 howler monkeys (D:7)
  2 jellies
  An orc priest (D:8)
  3 hounds
  A gnoll bouda (D:8)
  5 iguanas
  A sleepcap (D:4)
  2 orc wizards (D:8)
  11 gnolls
  8 adders
  A white imp (D:6)
  3 ufetubi
  A worm (D:3)
  4 dart slugs
  26 orcs
  5 ball pythons
  7 bats
  4 endoplasms
  4 giant cockroaches
  8 goblins
  9 hobgoblins
  2 jackals (D:5)
  4 quokkas
  A frilled lizard (D:1)
  15 kobolds
  3 rats
180 creatures vanquished.

Notes
Turn   | Place    | Note
-------+----------+-------------------------------------------
     0 | D:1      | Dolphin721k the Minotaur Fighter began the quest for the
                  | Orb.
     0 | D:1      | Reached XP level 1. HP: 19/19 MP: 0/0
    96 | D:1      | Reached XP level 2. HP: 20/27 MP: 1/1
   166 | D:1      | Found a faded altar of an unknown god.
   175 | D:1      | Prayed at the altar of an unknown god.
   175 | D:1      | Became a worshipper of Qazlal Stormbringer
   175 | D:1      | Reached * piety under Qazlal
   666 | D:2      | Reached XP level 3. HP: 33/33 MP: 2/2
  1238 | D:3      | Reached ** piety under Qazlal
  1321 | D:3      | Reached skill level 3 in Axes
  1500 | D:3      | Reached XP level 4. HP: 36/41 MP: 3/3
  1599 | D:3      | Reached skill level 4 in Axes
  1970 | D:4      | Noticed Grinder
  1977 | D:4      | Paralysed by Grinder for 5 turns
  1984 | D:4      | Killed Grinder
  1985 | D:4      | Reached skill level 5 in Axes
  1985 | D:4      | Reached skill level 1 in Dodging
  1985 | D:4      | Reached XP level 5. HP: 33/47 MP: 4/4
  1985 | D:4      | Reached XP level 6. HP: 37/53 MP: 5/5
  2132 | D:4      | Reached skill level 5 in Shields
  2219 | D:4      | Reached skill level 6 in Axes
  2582 | D:4      | Reached skill level 5 in Fighting
  2582 | D:4      | Reached skill level 5 in Armour
  2582 | D:4      | Reached XP level 7. HP: 59/61 MP: 6/6
  2630 | D:5      | Entered Level 5 of the Dungeon
  2648 | D:5      | Reached *** piety under Qazlal
  2660 | D:5      | Noticed Eustachio
  2689 | D:5      | Killed Eustachio
  2690 | D:5      | Reached skill level 7 in Axes
  2879 | D:5      | Reached skill level 8 in Axes
  2913 | D:5      | Reached XP level 8. HP: 25/69 MP: 7/7
  3384 | D:5      | Reached skill level 9 in Axes
  3394 | D:5      | Found Fumiajun's Assorted Antiques.
  3402 | D:5      | Bought a scroll labelled PEPTOHA YTOLE for 23 gold pieces
  3402 | D:5      | Bought a yellow potion for 20 gold pieces
  3402 | D:5      | Bought a scroll labelled PEPTOHA YTOLE for 23 gold pieces
  3402 | D:5      | Bought a scroll labelled TOEFEZX FYXAF for 23 gold pieces
  3687 | D:6      | Noticed Dowan
  3688 | D:6      | Noticed Duvessa
  3695 | D:6      | Killed Duvessa
  3702 | D:6      | Killed Dowan
  3807 | D:6      | Found a sparkling altar of Nemelex Xobeh.
  3848 | D:6      | Found a staircase to the Ecumenical Temple.
  4376 | D:7      | Reached skill level 10 in Axes
  4376 | D:7      | Reached XP level 9. HP: 78/78 MP: 8/8
  5109 | D:8      | Reached skill level 11 in Axes
  5163 | D:8      | Reached **** piety under Qazlal
  5229 | D:8      | Found an iron altar of Okawaru.
  5229 | D:8      | Found an ancient bone altar of Kikubaaqudgha.
  5329 | D:8      | Found a broken altar of Ashenzari.
  5333 | D:8      | Reached skill level 12 in Axes
  5349 | D:8      | Found a hazy altar of Hepliaklqana.
  5387 | D:8      | Reached XP level 10. HP: 88/88 MP: 9/9
  5396 | D:8      | Found a staircase to the Lair.
  5418 | D:8      | Found an opulent altar of Gozag.
  5620 | D:8      | Found a glowing silver altar of Zin.
  5664 | Lair:1   | Entered Level 1 of the Lair of Beasts
  5689 | Lair:1   | Reached skill level 13 in Axes
  5741 | Lair:1   | Noticed Amaemon
  5743 | Lair:1   | Noticed an orange demon
  5797 | Lair:1   | Killed Amaemon
  5882 | Lair:1   | Noticed a five-headed hydra
  5897 | Lair:1   | Slain by a nine-headed hydra

Illustrated notes

Levels and vault maps discovered:
D:1:      dpeg_arrival_pond, layout_rooms, chequers_ecumenical_altar_simple,
          serial_glass, glass_columns_b, glass_columns_a, glass_columns_a,
          glass_columns_a, glass_columns_a, glass_columns_c, glass_columns_b,
          glass_columns_a, glass_columns_a, glass_columns_b
D:2:      layout_loops_ring, kennysheep_doodads, skrybe_limestone_x
D:3:      layout_basic
D:4:      minmay_skewed_foursquare, layout_basic, uniq_grinder
D:5:      layout_loops_ring, serial_shops, shop, grunt_ministairs_13,
          minmay_fractal_squares_diagonal_5, uniq_eustachio
D:6:      layout_loops_ring, nemelex_xobeh_ov_fountains_minmay,
          minmay_temple_entry_waves, uniq_duvessa
D:7:      layout_loops_ring, chequers_serial_rivers_room_a, eino_tiny_chamber
D:8:      layout_rooms, pdpol_temple_overflow_zin_treasury_gozag_greed,
          nicolae_overflow_two_pavilions, gammafunk_temple_overflow_wave,
          david_lair_shrubbed
Lair:1:   layout_regular_city, pdpol_lair_cabin_in_the_woods,
          grunt_megastairs_4, uniq_amaemon

Skill      XL: |  1  2  3  4  5  6  7  8  9 10 |
---------------+-------------------------------+-----
Shields        | 4 5 6 7 8 |  8.1
Fighting       | 4 5 6 8 |  8.4
Armour         | 4 5 6 8 |  8.9
Axes           | 3 5 6 8 10 12 13 | 13.3
Dodging        | 1 2 |  2.0
Stealth        | |  0.6

Action                     |  1- 3 |  4- 6 |  7- 9 | 10-12 || total
---------------------------+-------+-------+-------+-------++-------
  Melee: War axe           |    90 |    71 |   284 |    45 ||   490
         Headbutt          |    13 |    11 |    48 |    11 ||    83
    Use: Scroll            |     2 |       |     9 |     1 ||    12
         Potion            |     1 |     2 |     1 |     2 ||     6
 Armour: Scale mail        |    39 |     9 |       |       ||    48
         Plate armour      |       |    42 |   145 |    32 ||   219
  Dodge: Dodged            |    35 |    24 |    73 |    20 ||   152
  Block: Buckler           |    29 |    40 |   134 |    52 ||   255
